 Dungeon Crawl Stone Soup version 0.30.1-11-g7821555f0a (webtiles) character file.

Game seed: 1641768411822420284

95 SacredBeard the Grave Robber (level 4, -20/32 HPs)
             Began as a Demonspawn Necromancer on Nov 6, 2023.
             Demolished by an ogre
             ... wielding a +0 giant spiked club
              (31 damage)
             ... on level 3 of the Dungeon.
             The game lasted 00:04:57 (2260 turns).

SacredBeard the Grave Robber (DsNe)                 Turns: 2260, Time: 00:04:58

Health: -20/32     AC:  7    Str:  8    XL:     4   Next: 39%
Magic:  3/7        EV: 11    Int: 17    God:
Gold:   51         SH:  4    Dex: 15    Spells: 6/7 levels left

rFire   . . .        v - +3 dagger
rCold   . . .        (no shield)
rNeg    . . .        w - +0 leather armour
rPois   .            (no helmet)
rElec   .            (no cloak)
rCorr   .            (no gloves)
SInv    .            (no boots)
Will    .....        (no amulet)
Stlth   ++           (no ring)
HPRegen 0.25/turn    (no ring)
MPRegen 0.10/turn

%: no passive effects
@: no status effects
A: foul stench 1, icemail 1, condensation shield
a: no special abilities


You were on level 3 of the Dungeon.
You visited 1 branch of the dungeon, and saw 3 of its levels.

You collected 51 gold pieces.

Inventory:

Hand Weapons
 e - a +0 short sword
 v - a +3 dagger (weapon)
Missiles
 c - 13 stones
 f - a throwing net
 t - 3 boomerangs
Armour
 s - a +0 buckler
 w - a +0 leather armour (worn)
Jewellery
 g - a ring of ice
Scrolls
 d - a scroll of magic mapping {unknown}
 i - a scroll of vulnerability {unknown}
 j - a scroll of enchant weapon {unknown}
 o - 2 scrolls of identify {unknown}
Potions
 b - a potion of magic
 h - a potion of brilliance {unknown}
 k - a potion of degeneration {unknown}
 l - 2 potions of haste {unknown}
 m - a potion of curing {unknown}
 n - a potion of invisibility {unknown}
 p - a potion of ambrosia {unknown}
 q - a potion of cancellation {unknown}
 r - 2 potions of might {unknown}
 u - a potion of attraction {unknown}


   Skills:
 + Level 1.2 Fighting
 + Level 1.0 Throwing
 + Level 1.0 Armour
 - Level 2.0 Dodging
 + Level 2.3 Stealth
 + Level 2.3 Spellcasting
 * Level 5.1 Necromancy


You had 6 spell levels left.
You knew the following spells:

 Your Spells              Type           Power      Damage    Failure   Level
a - Necrotise             Necr           76%        1d7       3%          1

Your spell library contained the following spells:

 Spells                   Type           Power      Damage    Failure   Level
 Vampiric Draining        Necr           19%        2d7       10%         3
 Animate Dead             Necr           19%        N/A       32%         4
 Agony                    Necr           19%        N/A       65%         5


Dungeon Overview and Level Annotations

Branches:
Dungeon (3/15) Zot: 15737

Altars:


Innate Abilities, Weirdness & Mutations

You may rarely emit foul miasma when damaged in melee.
A meltable icy envelope protects you from harm. (AC +4)
A meltable shield of frost defends you. (SH +4)


Message History

You can't see any susceptible monsters within range! (Use Z to cast anyway.)
You swap places.
You now have 51 gold pieces (gained 12).
You see here a +0 flail of venom.
Your orc skeleton crumbles into dust!
Found a stone staircase leading down.
There is a stone staircase leading down here.
Found a ring mail.
You see here a +0 ring mail.
Found a stone staircase leading down.
There is a stone staircase leading down here.
Found a stone staircase leading down.
Found a sling.
Found a leather armour.
An ogre comes into view. It is wielding a +0 giant spiked club.
The ogre shouts!
You can't see any susceptible monsters within range! (Use Z to cast anyway.) Throw: 3 boomerangs
Press: ? - help, Shift-Dir - straight line, f - ogre
Aim: an ogre, wielding a +0 giant spiked club (73% to hit)
You throw a boomerang.
The boomerang hits the ogre but does no damage.
The ogre writhes in agony.
The ogre writhes in agony.
The ogre writhes in agony.
The ogre writhes in agony.
You barely miss the ogre.
The ogre is heavily wounded.
The ogre misses you.
You barely miss the ogre.
The ogre is heavily wounded.
The ogre hits you with a +0 giant spiked club!!
Ouch! That really hurt!
You hit the ogre.
The ogre is heavily wounded.
You hit the ogre.
The ogre is severely wounded.
The ogre hits you with a +0 giant spiked club!!
Ouch! That really hurt!
You die...

# ##..# #.# #
##.####.# #
#....#.# ####.
####...#......
##.###......
###..###...[..
#.............
#..)..........
#.....@O......
###.##.#......
##
......##(...#
.. . ....###.
..### .###.
###.## .# .#
.... .###.. ##
####.# .#...#
.....# #.....#
).)..##......#


You could see an ogre.

Vanquished Creatures
  4 adders
  A worm (D:2)
  4 orcs (D:3)
  3 endoplasms
  A giant cockroach (D:3)
  6 hobgoblins
  3 quokkas
  2 ball pythons (D:2)
  4 bats
  2 frilled lizards
  2 goblins (D:1)
  3 kobolds
  A rat (D:1)
36 creatures vanquished.

Vanquished Creatures (collateral kills)
  An adder (D:2)
  A dart slug (D:1)
  An orc (D:3)
  A bat (D:1)
4 creatures vanquished.

Grand Total: 40 creatures vanquished

Notes
Turn   | Place    | Note
-------+----------+-------------------------------------------
     0 | D:1      | SacredBeard the Demonspawn Necromancer began the quest for
                  | the Orb.
     0 | D:1      | Reached XP level 1. HP: 13/13 MP: 3/3
   433 | D:1      | Gained mutation: A meltable shield of frost defends you.
                  | (SH +4) [demonic ancestry]
   433 | D:1      | Reached XP level 2. HP: 19/19 MP: 1/5
   638 | D:1      | You fall into a shaft and drop 1 floor!
  1110 | D:2      | Gained mutation: A meltable icy envelope protects you from
                  | harm. (AC +4) [demonic ancestry]
  1110 | D:2      | Reached XP level 3. HP: 23/25 MP: 0/6
  1267 | D:2      | Reached skill level 1 in Fighting
  1419 | D:2      | Gained mutation: You may rarely emit foul miasma when
                  | damaged in melee. [demonic ancestry]
  1419 | D:2      | Reached XP level 4. HP: 32/32 MP: 5/7
  1905 | D:2      | Reached skill level 5 in Necromancy
  1973 | D:3      | Reached skill level 1 in Armour
  1982 | D:3      | Reached skill level 1 in Throwing
  2251 | D:3      | Noticed an ogre
  2260 | D:3      | Demolished by an ogre

Illustrated notes

Levels and vault maps discovered:
D:1:      ldierk_walled_garden_2, layout_rooms, serial_rivers,
          chequers_serial_rivers_micro_c, chequers_serial_rivers_micro_e,
          chequers_serial_rivers_micro_d, chequers_serial_rivers_micro_e,
          chequers_serial_rivers_micro_c, chequers_serial_rivers_micro_a
D:2:      layout_basic, hex_large, st_stairs_2, minmay_pentomino_s4
D:3:      layout_rooms, nicolae_ashenzari_skybound

Skill      XL: |  1  2  3  4 |
---------------+-------------+-----
Stealth        | 2 |  2.3
Dodging        | 2 |  2.0
Fighting       | 1 |  1.2
Necromancy     | 5 |  5.1
Armour         | 1 |  1.0
Throwing       | 1 |  1.0
Spellcasting   | |  2.3

Action                     |  1- 3 |  4- 6 || total
---------------------------+-------+-------++-------
  Melee: Unarmed           |     4 |       ||     4
         Short sword       |    43 |     6 ||    49
         Dagger            |       |     4 ||     4
  Throw: Boomerang         |       |     1 ||     1
   Cast: Necrotise         |    60 |    25 ||    85
 Armour: Robe              |    17 |     2 ||    19
  Dodge: Dodged            |    35 |     6 ||    41
  Block: Other             |     8 |     3 ||    11
